 Dungeon Crawl Stone Soup version 0.29.1-15-g9cfb28693d (webtiles) character file.

Game seed: 15170482918831041592

1 leafyfresh the Sneak (level 1, -6/16 HPs)
             Began as an Octopode Delver on Feb 24, 2023.
             Killed from afar by a white imp (9 damage)
             ... with a puff of frost
             ... on level 5 of the Dungeon.
             The game lasted 00:00:09 (18 turns).

leafyfresh the Sneak (Octopode Delver)                Turns: 18, Time: 00:00:10

Health: -6/16      AC:  1    Str: 11    XL:     1   Next: 20%
Magic:  1/1        EV: 13    Int: 12    God:
Gold:   0          SH:  0    Dex: 13    Spells: 0/0 levels left

rFire   . . .      SeeInvis .   a - +0 short sword
rCold   . . .      Faith    .   (no shield)
rNeg    . . .      Spirit   .   (helmet restricted)
rPois   .          Reflect  .   (no amulet)
rElec   .          Harm     .   (no ring)
rCorr   .          Rampage  .   (no ring)
Will    .....                   (no ring)
Stlth   ++++......              (no ring)
HPRegen 0.05/turn               (no ring)
MPRegen 0.07/turn               (no ring)
                                (no ring)
                                (no ring)

@: no status effects
A: almost no armour, amphibious, 8 rings, camouflage 1, gelatinous body 1,
(nimble swimmer 1), tentacles
a: no special abilities


You were on level 5 of the Dungeon.
You visited 1 branch of the dungeon, and saw 1 of its levels.

Inventory:

Hand Weapons
 a - a +0 short sword (weapon)
Wands
 f - a wand of digging (3)
Scrolls
 b - a scroll of fog
 c - a scroll of magic mapping
 d - a scroll of fear
Potions
 e - a potion of haste


   Skills:
 + Level 3.0 Fighting
 + Level 2.0 Short Blades
 + Level 2.0 Dodging
 + Level 6.6 Stealth


You couldn't memorise any spells.
You didn't know any spells.
Your spell library was empty.

Dungeon Overview and Level Annotations

Branches:
Dungeon (5/15)
 Temple: D:4-7

Altars:


Innate Abilities, Weirdness & Mutations

You cannot wear most types of armour.
You are amphibious.
You can wear up to eight rings at the same time.
Your skin changes colour to match your surroundings (Stealth+).
Your rubbery body absorbs attacks. (AC +1, EV +1)
((You are camouflaged when in or above water. (Stealth+)))
You have tentacles for arms and can constrict up to eight enemies at once.


Message History

Welcome, leafyfresh the Octopode Delver.
They say the Orb of Zot lies within this dungeon, but they say a lot of things.
Press ? for a list of commands and other information.
Found 18 gold pieces.
Found a stone staircase leading down.
A gnoll comes into view.
Found a hand axe.
A gnoll is nearby!
A gnoll comes into view.
There are monsters nearby!
A gnoll sergeant comes into view. It is wielding a +0 spear.
Found a grey potion.
The gnoll shouts! x2; You hear a shout!
You hear a bark!
You hear a shout!
There are monsters nearby!
A gnoll and a white imp come into view.
Found 10 gold pieces.
The gnoll shouts!
The white imp shouts!
You hear a shout!
The gnoll throws a throwing net.
The throwing net closely misses you.
Unknown command.
A quokka comes into view.
The quokka closely misses you.
You hit the quokka but do no damage. You grab the quokka.
You constrict the quokka, but do no damage.
The quokka barely misses you.
You hit the quokka but do no damage. You squeeze the quokka.
The quokka is severely wounded.
You constrict the quokka, but do no damage.
The quokka bites you.
You hit the quokka but do no damage. You squeeze the quokka.
You kill the quokka!
The white imp gestures at you. The puff of frost hits you!
Ouch! That really hurt!
* * * LOW HITPOINT WARNING * * *
The white imp gestures at you. The puff of frost hits you!
Ouch! That really hurt!
You die...

.##...............$###
...........8....8.....
#..................#.
##...##.5###..###..#
.##...##..##.≈..≈.##.#
..........##g≈..≈.# .#
..........##g≈..≈.# .#
.#####...##.≈..≈.#
#.@...##.≈5.≈.#
..........###.≈.!≈.#
...#...#.## ##....## .
#...#.# .......#
........# ##.......#
#..... .#


You could see a white imp.

Vanquished Creatures
  A quokka (D:5)
1 creature vanquished.

Notes
Turn   | Place    | Note
-------+----------+-------------------------------------------
     0 | D:5      | leafyfresh the Octopode Delver began the quest for the Orb.
     0 | D:5      | Reached XP level 1. HP: 16/16 MP: 1/1
     5 | D:5      | Noticed a gnoll sergeant
    18 | D:5      | Killed from afar by a white imp

Illustrated notes

Levels and vault maps discovered:
D:5:      layout_cave_pools, serial_gnoll_camp, gnoll_camp_medium_02,
          gnoll_camp_huts_basic, gnoll_camp_mini_sergeant,
          gnoll_camp_mini_doghouse, gnoll_camp_medium_01, gnoll_camp_mini_basic

Action                   || total
-------------------------++-------
Melee: Short sword       ||     3
       Tentacles         ||     2
       Constrict         ||     1
Dodge: Dodged            ||     3
